 Dungeon Crawl Stone Soup version 0.25.0-3-gd7cc5688da (webtiles) character file.

Game seed: 379016066948978802

620981 inmateoo the Cryomancer (level 25, -1/228 HPs)
             Began as a Demigod Warper on June 15, 2020.
             Slain by a death cob (16 damage)
             ... on level 3 of the Realm of Zot on June 16, 2020.
             The game lasted 04:09:20 (87801 turns).

inmateoo the Cryomancer (Demigod Warper)           Turns: 87801, Time: 04:09:20

Health: -1/228     AC: 33    Str: 24    XL:     25   Next: 70%
Magic:  34/49      EV: 19    Int: 35    God:
Gold:   2307       SH:  9    Dex: 19    Spells: 11/56 levels left

rFire    + + +     SeeInvis +   h - +10 trident of Donweos {vorpal, rF+}
rCold    + . .     Gourm    .   k - +3 buckler {rPois}
rNeg     + . .     Faith    .   a - +8 fire dragon scales
rPois    +         Spirit   .   e - +2 hat {SInv}
rElec    +         Reflect  .   c - +4 dragonskin cloak
rCorr    +         Harm     .   L - +2 pair of gloves "Ihoy" {rF+ rN+ Int+4}
MR       ++...     Clarity  +   Z - +0 pair of boots "Funuyf" {Regen+ Str+2 Dex+4} (curse)
Stlth    +.........             v - amulet of regeneration
HPRegen  0.00/turn              X - ring "Igieto" {rC+ rCorr Int+3}
MPRegen  0.31/turn              u - ring of Wishful Thinking {rF+ rC+ Int+3}

@: hasted and slowed
A: talons 1, see invisible, clarity, fire resistance 1, high mp 1, inhibited
regeneration, subdued magic 2
}: 3/15 runes: decaying, serpentine, slimy
a: no special abilities


You were on level 3 of the Realm of Zot.
You were not hungry.

You visited 10 branches of the dungeon, and saw 53 of its levels.
You visited the Abyss 1 time.
You visited 2 bazaars.
You also visited: Sewer, Gauntlet and Ice Cave.

You collected 8272 gold pieces.
You spent 5965 gold pieces at shops.

Inventory:

Hand Weapons
 h - the +10 trident of Donweos (weapon) {vorpal, rF+}
   (You bought it in a shop on level 2 of the Orcish Mines)

   It inflicts extra damage upon your enemies.
   It protects you from fire.
 I - a +9 vorpal broad axe
 W - the +0 trident "Gaecuistria" {vorpal, rElec rC++ Str-3}
   (You found it on level 6 of the Lair of Beasts)

   It inflicts extra damage upon your enemies.
   It affects your strength (-3).
   It greatly protects you from cold.
   It insulates you from electricity.
Missiles
 g - a throwing net
 y - 11 silver boomerangs (quivered)
Armour
 a - +8 fire dragon scales (worn)
 c - the +4 dragonskin cloak (worn)
   (You took it off Tiamat on level 4 of the Realm of Zot)
 e - a +2 hat of see invisible (worn)
 k - a +3 buckler of poison resistance (worn)
 F - a scarf of resistance
 L - the +2 pair of gloves "Ihoy" (worn) {rF+ rN+ Int+4}
   (You found it on level 5 of the Pits of Slime)

   It affects your intelligence (+4).
   It protects you from fire.
   It protects you from negative energy.
 Z - the cursed +0 pair of boots "Funuyf" (worn) {Regen+ Str+2 Dex+4}
   (You found it on level 3 of the Vaults)

   It affects your strength (+2).
   It affects your dexterity (+4).
   It increases your rate of regeneration.
   It has a curse placed upon it.
Jewellery
 u - the ring of Wishful Thinking (right hand) {rF+ rC+ Int+3}
   (You took it off a deep elf annihilator on level 3 of the Elven Halls)

   [ring of protection from fire]

   It affects your intelligence (+3).
   It protects you from fire.
   It protects you from cold.
 v - an amulet of regeneration (around neck)
 w - the ring of Phasing {EV+8}
   (You took it off a deep elf knight on level 3 of the Elven Halls)

   [ring of evasion]

   It affects your evasion (+8).
 D - an uncursed ring of protection from magic
 Q - an uncursed ring of positive energy
 X - the ring "Igieto" (left hand) {rC+ rCorr Int+3}
   (You took it off an orc knight on level 12 of the Dungeon)

   [ring of resist corrosion]

   It affects your intelligence (+3).
   It protects you from cold.
   It provides partial protection from all sources of acid and corrosion.
Wands
 i - a wand of iceblast (38)
 n - a wand of disintegration (28)
 r - a wand of paralysis (2)
 t - a wand of clouds (2)
 C - a wand of acid (13)
 G - a wand of digging (8)
 J - a wand of polymorph (17)
Scrolls
 b - 16 scrolls of remove curse
 d - 5 scrolls of blinking
 j - a scroll of magic mapping
 m - 2 scrolls of teleportation
 s - 13 scrolls of amnesia
 x - 2 scrolls of immolation
 B - 15 scrolls of identify
 M - 7 scrolls of fear
 N - 3 scrolls of holy word
 S - 2 scrolls of silence
 U - 4 scrolls of fog
Potions
 l - 7 potions of flight
 o - 10 potions of curing
 p - 5 potions of cancellation
 q - 4 potions of magic
 z - a potion of mutation
 A - 4 potions of brilliance
 H - a potion of might
 O - 4 potions of invisibility
 P - 8 potions of lignification
 R - 8 potions of haste
 T - 5 potions of resistance
 Y - 2 potions of berserk rage
Miscellaneous
 K - a tin of tremorstones (3/3)
 V - 2 boxes of beasts
Comestibles
 f - 23 rations


   Skills:
 + Level 19.2 Fighting
 - Level 12.6(15.0) Axes
 + Level 13.9(15.6) Polearms
 - Level 6.0 Throwing
 + Level 12.5 Armour
 + Level 12.4 Dodging
 - Level 2.0 Stealth
 - Level 4.0 Shields
 + Level 16.3 Spellcasting
 - Level 6.0 Conjurations
 - Level 7.3 Hexes
 - Level 4.0 Charms
 - Level 8.0 Summonings
 - Level 7.0 Translocations
 + Level 21.0 Ice Magic
 - Level 8.0 Air Magic
 - Level 6.0 Evocations


You had 11 spell levels left.
You knew the following spells:

 Your Spells              Type           Power        Failure   Level  Hunger
a - Frozen Ramparts       Ice            ######       0%          3    None
b - Shroud of Golubria    Chrm/Tloc      #####.       1%          2    None
c - Teleport Other        Tloc           #####...     1%          3    None
d - Passage of Golubria   Tloc           N/A          1%          4    None
e - Summon Lightning Spi  Summ/Air       ######..     1%          4    None
f - Blink                 Tloc           N/A          1%          2    None
g - Summon Ice Beast      Ice/Summ       ######..     0%          4    None
h - Spectral Weapon       Hex/Chrm       #####...     1%          3    None
i - Freezing Cloud        Conj/Ice/Air   ######....   1%          6    None
j - Apportation           Tloc           #####.       1%          1    None
k - Passwall              Tmut/Erth      ###.....     2%          2    None
l - Summon Mana Viper     Hex/Summ       ######..     1%          5    None
m - Ozocubu's Refrigerat  Ice            #######...   1%          6    None

Your spell library contained the following spells:

 Spells                   Type           Power        Failure   Level  Hunger
 Freeze                   Ice            ####         0%          1    None
 Ensorcelled Hibernation  Hex/Ice        ######       0%          2    None
 Ozocubu's Armour         Chrm/Ice       ######..     0%          3    None
 Animate Skeleton         Necr           N/A          1%          1    None
 Corona                   Hex            #####..      1%          1    None
 Foxfire                  Conj/Fire      ####         1%          1    None
 Infusion                 Chrm           ####         1%          1    None
 Magic Dart               Conj           ####         1%          1    None
 Pain                     Necr           ###.         1%          1    None
 Sandblast                Erth           ###...       1%          1    None
 Summon Butterflies       Summ           ######..     1%          1    None
 Summon Small Mammal      Summ           ####         1%          1    None
 Call Imp                 Summ           ######..     1%          2    None
 Corpse Rot               Necr/Air       N/A          1%          2    None
 Searing Ray              Conj           #####.       1%          2    None
 Song of Slaying          Chrm           #####...     1%          2    None
 Swiftness                Chrm/Air       #####...     1%          2    None
 Call Canine Familiar     Summ           ######..     1%          3    None
 Confusing Touch          Hex            #####...     1%          3    None
 Conjure Flame            Conj/Fire      ####....     1%          3    None
 Dazzling Flash           Conj/Hex       #####.       1%          3    None
 Gell's Gravitas          Tloc           #####.....   1%          3    None
 Inner Flame              Hex/Fire       ####....     1%          3    None
 Lesser Beckoning         Tloc           #####.....   1%          3    None
 Static Discharge         Conj/Air       #####...     1%          3    None
 Stone Arrow              Conj/Erth      ####..       1%          3    None
 Summon Guardian Golem    Hex/Summ       ######..     1%          3    None
 Tukima's Dance           Hex            #####...     1%          3    None
 Cause Fear               Hex            #####.....   1%          4    None
 Fulminant Prism          Conj/Hex       #####.....   1%          4    None
 Hailstorm                Conj/Ice       ######..     1%          4    None
 Ice Form                 Ice/Tmut       ######..     1%          4    None
 Iskenderun's Mystic Bla  Conj/Tloc      #####...     1%          4    None
 Metabolic Englaciation   Hex/Ice        ######....   1%          5    None
 Silence                  Hex/Air        ######....   1%          5    None
 Sublimation of Blood     Necr           ###.......   2%          2    None
 Lightning Bolt           Conj/Air       #####.....   2%          5    None
 Simulacrum               Ice/Necr       ######....   3%          6    None
 Ignite Poison            Fire/Tmut/Pois ###.....     5%          3    None
 Vampiric Draining        Necr           ###.......   5%          3    None
 Sticky Flame             Conj/Fire      ####....     5%          4    None
 Iskenderun's Battlesphe  Conj/Chrm      #####...     7%          5    None
 Yara's Violent Unravell  Hex/Tmut       ####......   13%         5    None
 Darkness                 Hex            #####.....   16%         6    None
 Invisibility             Hex            #####...     16%         6    None
 Fireball                 Conj/Fire      ####......   17%         5    None
 Dispersal                Tloc           #####.....   19%         6    None
 Animate Dead             Necr           N/A          22%         4    None
 Dispel Undead            Necr           ###.....     22%         4    None
 Petrify                  Tmut/Erth      ###.....     22%         4    None
 Bolt of Magma            Conj/Fire/Erth ####......   28%         5    None
 Excruciating Wounds      Chrm/Necr      ####......   28%         5    None
 Agony                    Necr           ###.....     54%         5    None
 Lee's Rapid Deconstruct  Erth           ###.......   54%         5    None
 Summon Hydra             Summ           ######....   58%         7    ####...
 Iron Shot                Conj/Erth      ####......   73%         6    None
 Starburst                Conj/Fire      ####......   73%         6    None
 Spellforged Servitor     Conj/Summ      #####.....   75%         7    ####...
 Orb of Destruction       Conj           #####.....   87%         7    ####...
 Haunt                    Necr/Summ      #####.....   99%         7    ####...
 Dragon Form              Tmut           ###.......   100%        7    ####...
 Ring of Flames           Chrm/Fire      ####......   100%        7    ####...
 Borgnjor's Revivificati  Necr           ###.......   100%        8    #####..
 Death's Door             Chrm/Necr      ####......   100%        8    #####..
 Discord                  Hex            #####.....   100%        8    #####..
 Ignition                 Fire           ###.......   100%        8    #####..
 Infestation              Necr           ###.......   100%        8    #####..
 Necromutation            Tmut/Necr      ###.......   100%        8    #####..
 Dragon's Call            Summ           ######....   100%        9    #######
 Shatter                  Erth           ###.......   100%        9    #######
 Tornado                  Air            ######....   100%        9    #######


Dungeon Overview and Level Annotations

Branches:
Dungeon (15/15)            Temple (0/1) D:4            Lair (6/6) D:11
  Swamp (4/4) Lair:4        Snake (4/4) Lair:4        Slime (5/5) Lair:6
    Orc (2/2) D:9             Elf (3/3) Orc:2        Vaults (4/5) D:14
  Crypt (0/3) Vaults:2     Depths (5/5) D:15            Zot (5/5) Depths:5
  Sewer (visited)           IceCv (visited)         Gauntlet (visited)

Shops:
D:5 *   D:13 !   D:14 !   Orc:2 [(?(   Snake:1 !   Snake:2 (   Snake:3 ([((:
Depths:5 [

Portals:
Hell: Depths:1 Depths:2 Depths:3 Depths:4 Depths:5
Abyss: Depths:4
Pandemonium: Depths:3 Depths:4
Ziggurat: Depths:5
Trove: D:15 (give 15 scrolls of teleportation)

Annotations:
D:10 1 runed translucent door, HoaS's ghost, journeyman GrGl
D:13 Vatovie's ghost, veteran MiFi
D:15 1 runed translucent door
Elf:2 3 runed translucent doors
Vaults:3 Sianeop's ghost, adept GrFi


Innate Abilities, Weirdness & Mutations

You have an increased reservoir of magic. (+10% MP)
You have sharp toenails.
You have supernaturally acute eyesight. (SInv)
You possess an exceptional clarity of mind.
Your flesh is heat resistant. (rF+)
You do not regenerate when monsters are visible.
Your spells are easier to cast, but less powerful.


Message History

Unknown command.
Unknown command.
Unknown command.
Unknown command.
Okay, then.
Casting: Blink (safe; 1% risk of failure)
Confirm with . or Enter, or press ? or * to list all spells.
You blink.
Unknown command.
Unknown command.
You feel better.
The death cob hits you but does no damage.
You block the death cob's attack.
Unknown command.
Unknown command.
Unknown command.
You feel yourself speed up. The death cob barely misses you.
The death cob hits you but does no damage.
The death cob hits you!
You die...

,,,,,#.,#dd######..#.......####..
,,*,,*..#.......#..#.........##..
,,,**,*#.#.......##[##...§.......
,,,,,*,,#..)q......#).#.§........
,,,,,*...##)[.##...#....X..#.....
,,,,*,.,**#.[§###.#...#..).###...
,,^,,,*** ##### ########q.k# ##..
,,,,,*###################zd# #..
,,,,,,..........@z..f.f°○..# #..
,,,,,,>............ff.zd⌠..# #..
,,,****####...######ff..#### #..
,,,* ##...# ##...## #.. ,,**
#....# #.>..## #..
.******###....#######†....#####..
.,,,,,..............)............
,,,,,,...........................
******###########################


You could see a purple draconian, a curse toe, a death cob and 6 wandering
mushrooms.

Vanquished Creatures
  the Royal Jelly (Slime:5)
  Tiamat (Zot:4)
  An ancient lich (Vaults:3)
  An orb of fire (Zot:1)
  Mara (Swamp:2)
  Sojobo (Depths:3)
  Vashnia (Snake:2)
  Saint Roka (Orc:2)
  A curse toe (Zot:3)
  A caustic shrike (Depths:2)
  4 golden dragons
  Jory (Vaults:3)
  10 tentacled monstrosities
  Jorgrun (Elf:2)
  2 titans
  2 quicksilver dragons
  3 liches
  2 deep elf master archers (Elf:3)
  21 acid blobs
  3 deep elf blademasters (Elf:3)
  Gastronok (Orc:1)
  Frances (D:12)
  3 thorn hunters
  4 death cobs
  4 sphinxes
  4 tengu reavers
  3 shadow dragons
  6 draconian monks
  15 azure jellies
  12 storm dragons
  12 frost giants
  8 nagarajas
  An orc warlord (Vaults:3)
  17 fire giants
  9 vault wardens
  5 draconian knights
  A ghost moth (Zot:3)
  3 draconian shifters
  Aizul (Lair:4)
  4 deep elf sorcerers
  7 deep elf elementalists (Elf:3)
  3 draconian stormcallers
  5 draconian scorchers
  Louise (Depths:4)
  13 draconian annihilators
  10 ironheart preservers
  4 spriggan defenders (Depths:4)
  16 very ugly things
  2 entropy weavers
  21 stone giants
  10 black draconians
  12 green draconians
  Nessos (D:13)
  3 vampire knights
  A lorocyproca (Depths:3)
  9 white draconians
  10 deep elf annihilators (Elf:3)
  12 purple draconians
  12 deep elf demonologists
  8 red draconians
  4 spark wasps
  5 yellow draconians
  7 deep elf death magi
  7 ettins
  4 death oozes
  12 fire dragons
  Josephine (Orc:2)
  2 green deaths (Swamp:4)
  13 vault guards
  A caustic shrike simulacrum (Depths:3)
  6 naga warriors
  11 yaktaur captains
  3 deep elf high priests (Elf:3)
  13 ogre magi
  18 hydras
  9 ice dragons
  6 rakshasas
  13 great orbs of eyes
  A monstrous demonspawn (Depths:3)
  4 anacondas
  7 spriggan air magi
  A ghost crab (Gauntlet)
  4 death knights
  24 two-headed ogres
  A shambling mangrove (Swamp:3)
  9 centaur warriors
  14 dancing weapons
  Erica (Lair:1)
  6 alligators
  9 deep troll shamans
  14 deep troll earth magi
  15 naga sharpshooters
  An orc high priest (D:9)
  3 tengu warriors
  Urug (D:12)
  2 death yaks
  6 spriggan berserkers
  4 shock serpents
  A small abomination (Elf:3)
  A vampire mage (Depths:3)
  A soul eater (Gauntlet)
  Sonja (D:13)
  Nergalle (Lair:1)
  23 deep elf knights
  A shock serpent (shapeshifter) (Depths:5)
  A salamander mystic (Snake:4)
  2 iron trolls
  4 shadow wraiths
  33 deep trolls
  A spark wasp zombie (Depths:3)
  A fire crab (shapeshifter) (D:15)
  A hell knight (Depths:2)
  4 unseen horrors
  9 skeletal warriors
  3 spriggan druids (Depths:4)
  3 swamp dragons
  A quicksilver dragon simulacrum (Depths:3)
  2 wizards
  A lindwurm (shapeshifter) (Depths:2)
  5 naga ritualists
  A phantasmal warrior (D:12)
  21 deep elf archers
  4 glowing orange brains
  17 ironbrand convokers
  A mana viper (shapeshifter) (Depths:2)
  3 necromancers
  6 harpies
  An orb spider (shapeshifter) (Elf:2)
  70 deep elf magi
  Pikel (D:6)
  14 orc knights
  5 mana vipers
  2 wolf spiders
  4 cyclopes
  A shining eye (shapeshifter) (Depths:3)
  3 shining eyes
  A fire giant zombie (Depths:3)
  3 orc sorcerers
  A worldbinder (Gauntlet)
  39 ugly things
  4 salamanders
  3 centaur zombies
  An elf zombie (Depths:3)
  A rust devil (Depths:3)
  A fire giant skeleton (Depths:3)
  16 nameless horrors
  17 moths of wrath
  4 eyes of devastation
  An ice statue (IceCv)
  A molten gargoyle (Lair:6)
  An elephant (Lair:6)
  A guardian serpent (Snake:1)
  16 naga magi
  34 black mambas
  2 centaur skeletons
  5 spectral swamp worms (Depths:5)
  16 vault sentinels
  2 black mambas (shapeshifter)
  An elf skeleton (Depths:3)
  A gargoyle (D:12)
  14 spiny frogs
  2 orange demons
  A rime drake (Lair:2)
  8 komodo dragons
  A komodo dragon (shapeshifter) (Depths:4)
  15 freezing wraiths
  2 kobold demonologists (D:12)
  A rime drake (shapeshifter) (Vaults:1)
  49 yaktaurs
  An ice devil (Depths:3)
  2 tengu conjurers
  5 trolls
  2 meliai (D:13)
  2 polar bears (Lair:4)
  A blink frog (shapeshifter) (Vaults:2)
  5 tyrant leeches
  27 hornets
  7 hippogriffs
  6 bog bodies
  5 blink frogs
  108 slime creatures
  An iron dragon simulacrum (Depths:3)
  2 dream sheep
  Sigmund (D:3)
  3 large abominations
  22 spriggans
  13 flying skulls (Gauntlet)
  7 air elementals
  7 shadows
  6 water elementals
  A tarantella (Vaults:4)
  2 vampires
  A tarantella (shapeshifter) (D:15)
  3 redbacks (Vaults:4)
  3 wyverns
  A hog (Lair:6)
  2 hogs (shapeshifter)
  10 wraiths
  A human (shapeshifter) (Vaults:1)
  54 yaks
  10 golden eyes
  3 steam dragons
  A ynoxinul (Abyss:3)
  5 fire elementals
  4 hungry ghosts
  4 basilisks
  2 human simulacra (Vaults:1)
  9 vampire mosquitoes
  Menkaure (D:6)
  5 wargs
  46 nagas
  9 insubstantial wisps
  7 swamp worms
  7 water moccasins
  2 acid dragons
  2 hell hounds (Lair:6)
  A floating eye (Depths:2)
  3 porcupines
  36 orc warriors
  2 swamp drakes (Swamp:1)
  6 eyes of draining
  A sky beast (D:14)
  A necrophage (D:8)
  17 ice beasts
  An ogre (shapeshifter) (Depths:1)
  5 phantoms
  5 wolves
  11 boggarts
  42 ogres
  7 centaurs
  8 crocodiles
  4 big kobolds
  15 bullfrogs
  A bullfrog (shapeshifter) (D:15)
  An earth elemental (Elf:1)
  A water moccasin zombie (D:5)
  A hornet simulacrum (Vaults:1)
  2 wyvern skeletons (D:8)
  2 scorpions
  20 killer bees
  A water moccasin skeleton (D:9)
  4 electric eels
  2 elephant simulacra (IceCv)
  A swamp dragon simulacrum (IceCv)
  2 wights
  4 howler monkeys
  4 lava snakes (Lair:6)
  4 crimson imps
  A draconian simulacrum (IceCv)
  2 bullfrog zombies (D:12)
  10 hounds
  A quasit (Depths:3)
  A wyvern simulacrum (D:14)
  6 jellies
  23 orc priests
  2 bullfrog skeletons
  2 iron imps (Depths:3)
  Crazy Yiuf (D:7)
  An iguana (D:5)
  25 orc wizards
  3 polar bear simulacra (D:13)
  A troll simulacrum (IceCv)
  9 worker ants
  5 yak simulacra (D:13)
  2 spriggan simulacra (IceCv)
  A wolf simulacrum (IceCv)
  A centaur simulacrum (IceCv)
  2 hound zombies
  2 hound skeletons
  A howler monkey zombie (D:11)
  3 worker ant zombies
  15 gnolls
  17 adders
  A naga simulacrum (IceCv)
  2 ogre simulacra (IceCv)
  2 river rats (Sewer)
  5 shadow imps
  15 white imps
  2 ufetubi (Depths:3)
  4 adder skeletons
  2 worms (D:4)
  2 dart slugs
  6 leopard geckos
  103 orcs
  11 bats
  7 giant cockroaches
  7 goblins
  16 hobgoblins
  19 jackals
  24 kobolds
  4 quokkas
  A ball python (D:6)
  3 frilled lizards
  A jackal zombie (D:8)
  3 quokka skeletons
  A quokka zombie (D:6)
  13 rats
  A briar patch (Swamp:3)
  A bush (Lair:4)
  3 fungi
  A plant (Lair:5)
  7 spectral weapons
2161 creatures vanquished.

Vanquished Creatures (collateral kills)
  A lich (Vaults:3)
  2 tentacled monstrosities
  2 quicksilver dragons
  A death cob (Zot:2)
  An acid blob (Slime:4)
  A titan (Depths:1)
  Kirke (Lair:6)
  2 shadow dragons
  Donald (Orc:2)
  A nagaraja (Snake:2)
  A vault warden (Vaults:3)
  2 deep elf sorcerers
  2 draconian knights
  A ghost moth (Zot:3)
  2 draconian shifters
  An ironheart preserver (Vaults:3)
  A draconian annihilator (Zot:4)
  3 stone giants
  2 red draconians
  2 white draconians (Zot:3)
  A black draconian (Zot:3)
  3 green draconians
  A death ooze (Slime:4)
  A fire dragon (Lair:6)
  3 hydras
  A naga warrior (Snake:3)
  A catoblepas (Lair:4)
  A shambling mangrove (Swamp:2)
  A death knight (D:14)
  4 two-headed ogres
  An ogre mage (Orc:2)
  3 alligators (Swamp:1)
  A death yak (Lair:4)
  A deep troll shaman (Vaults:2)
  5 naga sharpshooters
  A deep elf knight (Elf:1)
  2 shock serpents
  A salamander mystic (Snake:3)
  3 skeletal warriors
  An unseen horror (D:14)
  A spriggan druid (Swamp:3)
  A glowing orange brain (D:15)
  2 naga ritualists
  A death drake (shapeshifter) (D:15)
  A lindwurm (Lair:6)
  3 swamp dragons
  8 shining eyes
  13 ugly things
  A necromancer (IceCv)
  5 mana vipers
  A salamander (Snake:1)
  A cyclops (shapeshifter) (D:15)
  2 manticores (D:12)
  2 deep elf magi
  6 black mambas
  A guardian serpent (Snake:1)
  A moth of wrath (Zot:1)
  3 naga magi
  4 elephants (Lair:6)
  A black mamba (shapeshifter) (Vaults:4)
  A molten gargoyle (Lair:6)
  A vault sentinel (Vaults:4)
  9 spiny frogs
  A centaur zombie (D:12)
  A rime drake (Lair:6)
  A freezing wraith (IceCv)
  3 komodo dragons (Lair:6)
  A yaktaur (Vaults:3)
  A tengu conjurer (D:15)
  2 trolls
  A meliai (D:13)
  A harpy skeleton (D:15)
  5 polar bears
  3 tyrant leeches
  4 hornets
  5 dream sheep
  4 blink frogs (Lair:6)
  A bog body (Swamp:1)
  3 hippogriffs
  20 slime creatures
  2 spriggans
  2 shadows
  3 wraiths
  A basilisk (Lair:5)
  17 yaks
  3 wyverns
  5 hogs (Lair:6)
  A hungry ghost (D:13)
  A steam dragon (Lair:3)
  11 vampire mosquitoes
  2 swamp worms
  2 wargs
  7 nagas
  An insubstantial wisp (Swamp:2)
  2 hell hounds (Lair:6)
  A small abomination (Swamp:4)
  3 water moccasins
  2 porcupines (Lair:5)
  A soldier ant (D:14)
  An eye of draining (Slime:4)
  4 orc warriors
  A sky beast (D:14)
  4 ogres (Orc:2)
  A centaur (D:12)
  5 crocodiles
  4 nameless horrors
  2 bullfrogs
  3 killer bees
  2 wights (D:14)
  2 crimson imps
  A lava snake (Lair:6)
  A bullfrog zombie (D:12)
  3 draconian simulacra (IceCv)
  A quasit (D:10)
  2 orc priests (Orc:2)
  A worker ant (D:12)
  A polar bear simulacrum (D:13)
  6 troll simulacra (IceCv)
  An ogre simulacrum (IceCv)
  2 naga simulacra (IceCv)
  A shadow imp (Gauntlet)
  2 white imps (IceCv)
  7 orcs
  A kobold (D:14)
  2 river rat simulacra (D:13)
  2 fungi
322 creatures vanquished.

Vanquished Creatures (others)
  A titan (Depths:3)
  2 fire giants
  A stone giant (Depths:3)
  A red draconian (Zot:4)
  A great orb of eyes (Depths:3)
  A vampire mage (Depths:2)
  A deep elf knight (Elf:2)
  4 deep trolls (Depths:3)
  An unseen horror (shapeshifter) (D:15)
  A cyclops (D:12)
  3 deep elf magi
  2 yaktaurs (Depths:3)
  A jumping spider (shapeshifter) (Vaults:3)
  A tyrant leech (Swamp:2)
  2 water elementals (Depths:3)
  A shadow (D:12)
  3 slaves (D:6)
  A boggart (Depths:3)
  An orc priest (Vaults:3)
  3 orc wizards
  2 worker ants
  3 orcs
  5 fungi
  10 plants
  99 spectral weapons
151 creatures vanquished.

Grand Total: 2634 creatures vanquished

Notes
Turn   | Place    | Note
-------+----------+-------------------------------------------
     0 | D:1      | inmateoo the Demigod Warper began the quest for the Orb.
     0 | D:1      | Reached XP level 1. HP: 17/17 MP: 5/5
   965 | D:1      | Reached XP level 2. HP: 24/24 MP: 7/7
   995 | D:1      | Reached skill level 1 in Armour
  1392 | D:2      | Learned a level 2 spell: Blink
  1438 | D:2      | Reached XP level 3. HP: 26/29 MP: 8/8
  2313 | D:1      | Reached XP level 4. HP: 31/36 MP: 9/9
  2406 | D:2      | Found an ornate altar of the Wu Jian Council.
  3293 | D:3      | Noticed Sigmund
  3350 | D:3      | Killed Sigmund
  3350 | D:3      | Reached XP level 5. HP: 17/42 MP: 10/10
  4074 | D:4      | Reached XP level 6. HP: 50/50 MP: 11/11
  4214 | D:4      | Found a staircase to the Ecumenical Temple.
  4328 | D:4      | Learned a level 2 spell: Shroud of Golubria
  4886 | D:4      | Reached skill level 5 in Polearms
  5193 | D:5      | Entered Level 5 of the Dungeon
  5326 | D:5      | Found Niwyt's Elemental Accessories.
  5629 | D:5      | Reached XP level 7. HP: 23/57 MP: 12/12
  5868 | D:5      | Found a bloodstained altar of Trog.
  6045 | D:5      | Found an iron altar of Okawaru.
  6046 | D:5      | Found a snail-covered altar of Cheibriados.
  6880 | D:6      | Found a hide-covered altar of Uskayaw.
  6928 | D:6      | Noticed Menkaure
  6936 | D:6      | Killed Menkaure
  7123 | D:6      | Found a shimmering altar of Xom.
  7196 | D:6      | Found a glowing drain.
  7264 | Sewer    | Entered a sewer
  7271 | Sewer    | Reached XP level 8. HP: 61/66 MP: 14/14
  7428 | Sewer    | Found a white marble altar of Elyvilon.
  7519 | D:6      | Noticed Pikel
  7553 | D:6      | Killed Pikel
  7553 | D:6      | Reached skill level 1 in Evocations
  7958 | D:6      | Reached skill level 1 in Throwing
  8713 | D:7      | Found a stormy altar of Qazlal.
  8746 | D:7      | Found a shadowy altar of Dithmenos.
  8769 | D:7      | Found a shimmering altar of Xom.
  8769 | D:7      | Found a shimmering altar of Xom.
  8802 | D:7      | Found a radiant altar of Vehumet.
  8802 | D:7      | Found a shattered altar of Ashenzari.
  8802 | D:7      | Found a white marble altar of Elyvilon.
  8980 | D:7      | Reached XP level 9. HP: 67/72 MP: 16/16
  9067 | D:7      | Found a runed translucent door.
  9068 | D:7      | Noticed Crazy Yiuf
  9535 | D:7      | Killed Crazy Yiuf
  9746 | D:7      | Reached skill level 5 in Fighting
 11043 | D:8      | Reached skill level 5 in Translocations
 12038 | D:8      | Reached XP level 10. HP: 60/83 MP: 17/17
 12264 | D:9      | Reached skill level 10 in Polearms
 12834 | D:9      | Found a staircase to the Orcish Mines.
 12962 | D:10     | Entered Level 10 of the Dungeon
 13271 | D:10     | Learned a level 3 spell: Teleport Other
 13276 | D:10     | Learned a level 4 spell: Passage of Golubria
 13281 | D:10     | Learned a level 4 spell: Summon Lightning Spire
 13726 | D:10     | Reached skill level 1 in Summonings
 13863 | D:10     | Found a runed translucent door.
 13907 | D:10     | Killed an unseen horror
 14019 | D:10     | Noticed HoaS's ghost (journeyman GrGl)
 14300 | D:11     | Noticed a seven-headed hydra
 14697 | D:11     | Noticed a cyclops
 14908 | D:10     | Killed a cyclops
 15084 | D:10     | Reached XP level 11. HP: 64/91 MP: 21/21
 15550 | D:11     | Killed a four-headed hydra
 15550 | D:11     | Reached skill level 1 in Axes
 15561 | D:11     | Reached skill level 1 in Air Magic
 15673 | D:11     | Found a staircase to the Lair.
 15696 | D:11     | Reached skill level 5 in Spellcasting
 16688 | D:12     | Reached skill level 5 in Dodging
 16932 | D:12     | Noticed a two-headed ogre
 16934 | D:12     | Paralysed by a hornet for 3 turns
 17028 | D:12     | Reached skill level 5 in Armour
 17030 | D:12     | Noticed Frances
 17040 | D:12     | Killed Frances
 17086 | D:12     | Paralysed by a hornet for 3 turns
 17186 | D:12     | Killed a two-headed ogre
 17337 | D:12     | Noticed a sun demon
 17338 | D:12     | Noticed a six-headed hydra
 17339 | D:12     | Noticed a sixfirhy
 17414 | Lair:1   | Entered Level 1 of the Lair of Beasts
 17421 | Lair:1   | Noticed Nergalle
 17447 | Lair:1   | Killed Nergalle
 17553 | Lair:1   | Reached skill level 5 in Throwing
 17672 | Lair:1   | Noticed Erica
 17686 | Lair:1   | Killed Erica
 17686 | Lair:1   | Reached XP level 12. HP: 101/101 MP: 23/25
 18755 | Lair:2   | Noticed a five-headed hydra
 18765 | Lair:2   | Killed a one-headed hydra
 18850 | Lair:2   | Noticed a six-headed hydra
 18856 | Lair:2   | Killed a two-headed hydra
 19132 | Lair:2   | Noticed an eight-headed hydra
 19141 | Lair:2   | Killed a four-headed hydra
 19357 | Lair:2   | Noticed a seven-headed hydra
 19375 | Lair:2   | Killed a five-headed hydra
 19375 | Lair:2   | Reached skill level 5 in Axes
 20290 | Lair:3   | Found a frozen archway.
 20359 | IceCv    | Entered an ice cave
 20622 | IceCv    | Reached skill level 1 in Stealth
 20758 | IceCv    | Found an ancient bone altar of Kikubaaqudgha.
 20833 | IceCv    | HP: 3/102 [freezing wraith (7)]
 22260 | Lair:3   | Reached skill level 1 in Ice Magic
 22753 | D:5      | Bought the Guide on Cold for 630 gold pieces
 22757 | D:5      | Learned a level 3 spell: Frozen Ramparts
 23150 | Lair:4   | Noticed a catoblepas
 23217 | Lair:3   | Reached XP level 13. HP: 97/108 MP: 22/28
 23352 | Lair:1   | Reached skill level 2 in Ice Magic
 23580 | Lair:4   | Found a staircase to the Snake Pit.
 24151 | Lair:2   | Reached skill level 3 in Ice Magic
 24408 | Lair:4   | Found a staircase to the Swamp.
 24549 | Lair:4   | Reached skill level 5 in Air Magic
 24610 | Lair:4   | Reached skill level 5 in Summonings
 24767 | Lair:4   | Learned a level 4 spell: Summon Ice Beast
 25129 | Lair:5   | Reached skill level 4 in Ice Magic
 26189 | Lair:6   | Entered Level 6 of the Lair of Beasts
 26200 | Lair:6   | Reached skill level 5 in Ice Magic
 26392 | Lair:6   | Found a viscous altar of Jiyva.
 26392 | Lair:6   | Found a staircase to the Slime Pits.
 26691 | Lair:6   | Noticed Kirke
 26697 | Lair:6   | Killed Kirke
 26820 | Lair:6   | Reached skill level 6 in Ice Magic
 26994 | Lair:6   | Got an ivory trident
 26995 | Lair:6   | Identified the cursed +0 trident "Gaecuistria" {vorpal,
                  | rElec rC++ Str-3} (You found it on level 6 of the Lair of
                  | Beasts)
 27600 | Lair:6   | Found a large runed translucent door.
 27600 | Lair:6   | Found a large runed translucent door.
 28630 | D:11     | Reached skill level 7 in Ice Magic
 29012 | D:12     | Reached XP level 14. HP: 87/118 MP: 22/30
 29020 | D:12     | Identified the ring "Igieto" {rC+ rCorr Int+3}
 29094 | D:12     | Reached skill level 1 in Shields
 29610 | D:12     | Reached skill level 8 in Ice Magic
 30308 | D:13     | Noticed Urug
 30349 | D:12     | Killed Urug
 30480 | D:13     | Found Tauzxuff's Distillery.
 30488 | D:13     | Bought a potion of heal wounds for 85 gold pieces
 30488 | D:13     | Bought a potion of might for 68 gold pieces
 30488 | D:13     | Bought 2 potions of curing for 102 gold pieces
 30488 | D:13     | Bought a potion of haste for 170 gold pieces
 30807 | D:13     | Learned a level 4 spell: Hailstorm
 31126 | D:13     | Reached skill level 9 in Ice Magic
 31142 | D:13     | Noticed Sonja
 31153 | D:13     | Killed Sonja
 31293 | D:13     | Noticed Nessos
 31307 | D:13     | Killed Nessos
 32130 | D:14     | Found Zeiluist's Distillery.
 32136 | D:14     | Bought a potion of heal wounds for 70 gold pieces
 32136 | D:14     | Bought a potion of curing for 42 gold pieces
 32136 | D:14     | Bought a potion of curing for 42 gold pieces
 32136 | D:14     | Bought a potion of curing for 42 gold pieces
 32136 | D:14     | Bought a potion of resistance for 140 gold pieces
 32136 | D:14     | Bought a potion of haste for 140 gold pieces
 32136 | D:14     | Bought a potion of degeneration for 14 gold pieces
 32699 | D:14     | Reached skill level 10 in Ice Magic
 32883 | D:14     | Found a gate to the Vaults.
 33076 | D:15     | Entered Level 15 of the Dungeon
 33412 | D:15     | Reached skill level 10 in Fighting
 33463 | D:15     | Reached skill level 10 in Axes
 33506 | D:15     | Found a blossoming altar of Fedhas.
 33852 | D:15     | Found a portal to a secret trove of treasure.
 34333 | D:15     | Found a staircase to the Depths.
 34391 | D:15     | Found a runed translucent door.
 34477 | D:15     | Reached XP level 15. HP: 92/126 MP: 31/31
 34701 | Orc:1    | Entered Level 1 of the Orcish Mines
 35074 | Orc:1    | Found a roughly hewn altar of Beogh.
 35333 | Orc:2    | Entered Level 2 of the Orcish Mines
 35456 | Orc:2    | Noticed Donald
 35469 | Orc:2    | Killed Donald
 35495 | Orc:2    | Found a gate leading to a gauntlet.
 35504 | Gauntlet | Entered a Gauntlet
 35504 | Gauntlet | Found a transporter.
 35512 | Gauntlet | Found a runed translucent door.
 35515 | Gauntlet | Found a transporter.
 35516 | Gauntlet | Found a transporter.
 35517 | Gauntlet | Found a transporter.
 35521 | Gauntlet | Found a runed translucent door.
 35523 | Gauntlet | Found a runed translucent door.
 35525 | Gauntlet | Found a transporter.
 35528 | Gauntlet | Found a transporter.
 35529 | Gauntlet | Found a transporter.
 35537 | Gauntlet | Found a transporter.
 35540 | Gauntlet | Found a transporter.
 35541 | Gauntlet | Found a transporter.
 35549 | Gauntlet | Found a transporter.
 35552 | Gauntlet | Found a transporter.
 35553 | Gauntlet | Found a transporter.
 35561 | Gauntlet | Found a transporter.
 36039 | Gauntlet | Identified the cursed +1 chain mail of the Circus Animal
                  | {MR- Dex+7 Stlth+}
 36361 | Orc:2    | Noticed Saint Roka
 36410 | Orc:2    | Killed Saint Roka
 36655 | Orc:2    | Reached skill level 1 in Conjurations
 36736 | Orc:2    | Found Kumme's Weapon Shop.
 36736 | Orc:2    | Found Zoiskila's Antique Weapon Emporium.
 36736 | Orc:2    | Found Inugig's Magic Scroll Emporium.
 36736 | Orc:2    | Found Iwajif's Antique Armour Boutique.
 37135 | Orc:2    | Found a staircase to the Elven Halls.
 37138 | Orc:2    | Noticed Josephine
 37159 | Orc:2    | Killed Josephine
 37359 | Orc:1    | Noticed Gastronok
 37380 | Orc:1    | Killed Gastronok
 37755 | Snake:1  | Entered Level 1 of the Snake Pit
 38484 | Snake:1  | Found Gomesmal's Distillery.
 38510 | Snake:1  | Reached skill level 11 in Ice Magic
 38527 | Snake:1  | Noticed Aizul
 38747 | Lair:4   | Killed Aizul
 39254 | Snake:1  | Bought a potion of heal wounds for 70 gold pieces
 39473 | Orc:2    | Bought the +10 trident of Donweos {vorpal, rF+} for 899
                  | gold pieces
 40261 | Snake:2  | HP: 5/128 [naga sharpshooter/bolt (21)]
 40460 | Snake:2  | Reached XP level 16. HP: 132/136 MP: 33/33
 40506 | Snake:2  | Reached skill level 5 in Evocations
 40608 | Snake:2  | Noticed Vashnia
 40711 | Snake:2  | Found Rorruat's Antique Weapon Shop.
 40718 | Snake:2  | Identified the +2 scale mail of Ryomuenk {Str+4} (You found
                  | it on level 2 of the Snake Pit)
 41101 | Snake:2  | Killed Vashnia
 42145 | Snake:3  | Found Zehil's Antique Armour Shoppe.
 42308 | Snake:3  | Found Ungiun's Antique Weapon Emporium.
 42312 | Snake:3  | Identified a scroll of acquirement
 42375 | Snake:3  | Bought a pair of runed boots for 255 gold pieces
 42828 | Snake:3  | Found Deefur's Weapon Emporium.
 42862 | Snake:3  | Found Ziymnal's Weapon Shop.
 42888 | Snake:3  | Found Qatzi's Book Boutique.
 43048 | Snake:4  | Entered Level 4 of the Snake Pit
 43223 | Snake:4  | Reached skill level 12 in Ice Magic
 45089 | Snake:4  | Got a serpentine rune of Zot
 45318 | Swamp:1  | Entered Level 1 of the Swamp
 45342 | Swamp:1  | Learned a level 6 spell: Freezing Cloud
 45432 | Swamp:1  | Reached skill level 5 in Conjurations
 45567 | Swamp:1  | Reached XP level 17. HP: 144/144 MP: 20/35
 45803 | Swamp:1  | You fall into a shaft and drop 1 floor!
 46490 | Swamp:2  | Reached skill level 13 in Ice Magic
 46535 | Swamp:2  | Reached skill level 10 in Spellcasting
 46736 | Swamp:1  | You fall into a shaft and drop 1 floor!
 47082 | Swamp:2  | HP: 4/146 [shambling mangrove (20)]
 47447 | Swamp:3  | Noticed Mara
 47450 | Swamp:3  | Noticed inmateoo's illusion
 47853 | Swamp:3  | Noticed inmateoo's illusion
 48263 | Swamp:4  | Entered Level 4 of the Swamp
 48634 | Swamp:3  | Noticed inmateoo's illusion
 49062 | Swamp:3  | Noticed inmateoo's illusion
 49116 | Swamp:2  | Killed Mara
 49762 | Swamp:4  | Reached skill level 14 in Ice Magic
 50572 | Swamp:4  | Noticed a tentacled monstrosity
 50776 | Swamp:4  | Got a decaying rune of Zot
 50825 | Swamp:4  | Killed a tentacled monstrosity
 51242 | Vaults:1 | Entered Level 1 of the Vaults
 51389 | Vaults:1 | Found the +5 robe of Misfortune {*Contam Harm *Corrode
                  | *Drain *Slow EV+5}
 51423 | Vaults:1 | Reached skill level 15 in Ice Magic
 51540 | Vaults:1 | Identified the cursed +1 scale mail "Wyva" {rC- Regen+
                  | rCorr} (You found it on level 1 of the Vaults)
 52006 | Vaults:1 | Reached XP level 18. HP: 135/158 MP: 34/37
 52916 | Vaults:1 | Found a runed translucent gate.
 52916 | Vaults:1 | Found a runed translucent gate.
 52916 | Vaults:1 | Found a runed translucent gate.
 52918 | Vaults:1 | Noticed Vatovie's ghost (veteran MiFi)
 55016 | Vaults:2 | Identified the cursed ring "Rydwopt" {rC+ Dex-4}
 55289 | Vaults:2 | Identified the +1 chain mail "Qyebb" {Int+4}
 55873 | Vaults:2 | Found a staircase to the Crypt.
 55906 | Vaults:2 | Identified the cursed +1 ring mail of the Monkey's Uncle
                  | {-Cast rPois MR+}
 56899 | Vaults:3 | Reached XP level 19. HP: 154/168 MP: 37/39
 56906 | Vaults:3 | Identified the +1 arbalest of Courage {elec, rF+ Int+4}
 57323 | Vaults:3 | Noticed an ancient lich
 57556 | Vaults:3 | Found a runed translucent gate.
 57556 | Vaults:3 | Found a runed translucent gate.
 57556 | Vaults:3 | Found an ancient bone altar of Kikubaaqudgha.
 57556 | Vaults:3 | Found a runed translucent gate.
 57556 | Vaults:3 | Noticed an ancient lich
 57557 | Vaults:3 | Noticed Sianeop's ghost (adept GrFi)
 57605 | Vaults:3 | Noticed Jory
 57614 | Vaults:3 | Reached skill level 16 in Ice Magic
 58022 | Vaults:3 | Killed Jory
 58464 | Vaults:3 | Reached skill level 10 in Armour
 58519 | Vaults:3 | Reached skill level 15 in Fighting
 58714 | Vaults:3 | Killed an ancient lich
 59271 | Vaults:3 | Got a brightly glowing turquoise ring
 59272 | Vaults:3 | Identified the ring "Iwnuycio" {*Tele +Blink rElec Dex-2
                  | SInv} (You found it on level 3 of the Vaults)
 59277 | Vaults:3 | Identified the cursed +0 pair of boots "Funuyf" {Regen+
                  | Str+2 Dex+4} (You found it on level 3 of the Vaults)
 59455 | Vaults:4 | Found a flickering gateway to a bazaar.
 59477 | Bazaar   | Entered a bazaar
 59477 | Bazaar   | Found Ligrel's Magic Scroll Shoppe.
 59477 | Bazaar   | Found Zoidwa's Jewellery Shop.
 59477 | Bazaar   | Found Caatuc's Distillery.
 59479 | Bazaar   | Found Joff's Book Shop.
 59479 | Bazaar   | Found Rorruat's Distillery.
 59598 | Bazaar   | Bought a scroll of teleportation for 24 gold pieces
 59598 | Bazaar   | Bought 2 scrolls of teleportation for 48 gold pieces
 59598 | Bazaar   | Bought a scroll of magic mapping for 28 gold pieces
 59606 | Bazaar   | Bought an uncursed ring of wizardry for 480 gold pieces
 59614 | Bazaar   | Bought a potion of heal wounds for 50 gold pieces
 59614 | Bazaar   | Bought a potion of heal wounds for 50 gold pieces
 59614 | Bazaar   | Bought a potion of heal wounds for 50 gold pieces
 59614 | Bazaar   | Bought a potion of resistance for 100 gold pieces
 59614 | Bazaar   | Bought 2 potions of haste for 200 gold pieces
 59614 | Bazaar   | Bought a potion of haste for 100 gold pieces
 59614 | Bazaar   | Bought a potion of might for 40 gold pieces
 59614 | Bazaar   | Bought a potion of might for 40 gold pieces
 59614 | Bazaar   | Bought a potion of cancellation for 80 gold pieces
 59614 | Bazaar   | Bought a potion of mutation for 80 gold pieces
 59617 | Bazaar   | Bought a potion of heal wounds for 55 gold pieces
 59617 | Bazaar   | Bought a potion of heal wounds for 55 gold pieces
 59617 | Bazaar   | Bought a potion of heal wounds for 55 gold pieces
 59617 | Bazaar   | Bought a potion of heal wounds for 55 gold pieces
 59617 | Bazaar   | Bought a potion of curing for 33 gold pieces
 59617 | Bazaar   | Bought a potion of curing for 33 gold pieces
 59617 | Bazaar   | Bought a potion of haste for 110 gold pieces
 59617 | Bazaar   | Bought 2 potions of curing for 66 gold pieces
 59617 | Bazaar   | Bought a potion of mutation for 88 gold pieces
 59617 | Bazaar   | Bought a potion of brilliance for 44 gold pieces
 59617 | Bazaar   | Bought 2 potions of invisibility for 176 gold pieces
 59628 | Bazaar   | Bought a scroll of holy word for 60 gold pieces
 59929 | Vaults:4 | Reached skill level 1 in Charms
 60664 | Vaults:4 | Learned a level 3 spell: Spectral Weapon
 60761 | Vaults:4 | Reached skill level 10 in Dodging
 61025 | Vaults:1 | Paralysed by a Zot trap for 5 turns
 61231 | Vaults:1 | Reached skill level 1 in Hexes
 61265 | Vaults:1 | Identified the +2 pair of gloves of Qaufeatapu {rF- rCorr
                  | Stlth+} (You found it on level 1 of the Vaults)
 61615 | Elf:1    | Entered Level 1 of the Elven Halls
 62187 | Elf:1    | Reached XP level 20. HP: 172/179 MP: 41/41
 62655 | Elf:1    | Identified the Guide on Creative Battle Magic
 62865 | Elf:2    | Found a runed translucent gate.
 62865 | Elf:2    | Found a runed translucent gate.
 62865 | Elf:2    | Found a runed translucent gate.
 63027 | Elf:2    | Noticed Jorgrun
 63039 | Elf:2    | Killed Jorgrun
 63366 | Elf:3    | Entered Level 3 of the Elven Halls
 63691 | Elf:3    | Learned a level 1 spell: Apportation
 63694 | Elf:3    | Learned a level 2 spell: Passwall
 63940 | Elf:3    | Found a radiant altar of Vehumet.
 64124 | Elf:3    | Reached skill level 17 in Ice Magic
 64974 | Elf:3    | Cast into level 3 of the Abyss (a deep elf sorcerer)
 64974 | Abyss:3  | Found a corrupted altar of Lugonu.
 65074 | Elf:3    | Escaped the Abyss
 65255 | Elf:3    | Identified the ring of Wishful Thinking {rF+ rC+ Int+3}
 65896 | Elf:3    | Identified the ring "Neso" {rPois Int+5 Stlth+}
 66037 | Elf:3    | Identified the +3 scale mail of the Monkey's Uncle {rPois
                  | rC+ Regen+ Dex+3}
 66037 | Elf:3    | Identified the ring of Boacamit {+Fly rPois rC- rN+ Int+3}
 66425 | Elf:3    | Identified the Compendium of Unholy Orientation
 66434 | Elf:3    | Identified the +2 pair of boots "Ditukh" {-Cast rC++} (You
                  | found it on level 3 of the Elven Halls)
 66640 | Elf:3    | Learned a level 5 spell: Summon Mana Viper
 66985 | Depths:1 | Entered Level 1 of the Depths
 67070 | Depths:1 | Found a gateway to Hell.
 67076 | Depths:1 | Found a runed translucent door.
 67100 | Depths:1 | Reached XP level 21. HP: 173/188 MP: 35/44
 67745 | Depths:1 | Reached skill level 18 in Ice Magic
 68254 | Depths:2 | Reached skill level 5 in Hexes
 68327 | Depths:2 | Found a sparkling altar of Nemelex Xobeh.
 68327 | Depths:2 | Found a white marble altar of Elyvilon.
 68328 | Depths:2 | Found a white marble altar of Elyvilon.
 68846 | Depths:2 | Noticed a caustic shrike
 68855 | Depths:2 | Killed a caustic shrike
 69244 | Depths:2 | Noticed a golden dragon
 69273 | Depths:2 | Killed a golden dragon
 69909 | Depths:2 | Reached XP level 22. HP: 195/195 MP: 44/46
 70335 | Depths:1 | Reached XP level 23. HP: 96/202 MP: 34/47
 70567 | Depths:3 | Found a flickering gateway to a bazaar.
 70577 | Bazaar   | Entered a bazaar
 70577 | Bazaar   | Found Irascher's Armour Boutique.
 70577 | Bazaar   | Found Gigumuf's Weapon Shop.
 70577 | Bazaar   | Found Azxum's Armour Shop.
 70582 | Bazaar   | Identified the cursed +1 plate armour "Linlam" {rPois
                  | Regen+ Int+3 Dex-3} (You found it in a bazaar)
 70701 | Depths:3 | Found a one-way gate leading to the halls of Pandemonium.
 70980 | Depths:3 | Reached skill level 19 in Ice Magic
 71039 | Depths:3 | Reached skill level 15 in Spellcasting
 71373 | Depths:3 | Noticed Sojobo
 71396 | Depths:3 | Killed Sojobo
 72168 | Depths:3 | Reached skill level 20 in Ice Magic
 72545 | Depths:3 | Gained mutation: You occasionally shout uncontrollably at
                  | your foes. [a shining eye]
 72550 | Depths:3 | Lost mutation: You occasionally shout uncontrollably at
                  | your foes. [potion of mutation]
 72550 | Depths:3 | Gained mutation: You are resistant to hostile enchantments.
                  | (MR+) [potion of mutation]
 72550 | Depths:3 | Gained mutation: You are partially covered in thin metallic
                  | scales. (AC +2) [potion of mutation]
 72550 | Depths:3 | Gained mutation: You tend to lose your temper in combat.
                  | [potion of mutation]
 72550 | Depths:3 | Gained mutation: Your movements are slightly less
                  | encumbered by armour. (ER -2) [potion of mutation]
 73067 | Depths:3 | Lost mutation: You are resistant to hostile enchantments.
                  | (MR+) [potion of mutation]
 73067 | Depths:3 | Lost mutation: You are partially covered in thin metallic
                  | scales. (AC +2) [potion of mutation]
 73067 | Depths:3 | Lost mutation: You tend to lose your temper in combat.
                  | [potion of mutation]
 73067 | Depths:3 | Lost mutation: Your movements are slightly less encumbered
                  | by armour. (ER -2) [potion of mutation]
 73067 | Depths:3 | Gained mutation: Your mind is acute. (Int +2) [potion of
                  | mutation]
 73067 | Depths:3 | Gained mutation: You are frail. (-10% HP) [potion of
                  | mutation]
 73067 | Depths:3 | Gained mutation: You expend magic power (3 MP) to
                  | strengthen your wands. [potion of mutation]
 73068 | Depths:3 | Lost mutation: You expend magic power (3 MP) to strengthen
                  | your wands. [potion of mutation]
 73068 | Depths:3 | Lost mutation: Your mind is acute. (Int +2) [potion of
                  | mutation]
 73068 | Depths:3 | Gained mutation: You possess an exceptional clarity of
                  | mind. [potion of mutation]
 73068 | Depths:3 | Lost mutation: You are frail. (-10% HP) [potion of
                  | mutation]
 73068 | Depths:3 | Gained mutation: You have sharp toenails. [potion of
                  | mutation]
 73604 | Depths:5 | Entered Level 5 of the Depths
 74072 | Depths:5 | Found a gateway to a ziggurat.
 74376 | Depths:5 | Found a gate to the Realm of Zot.
 74574 | Depths:5 | Found Susuvom's Armour Emporium.
 74991 | Depths:4 | Paralysed by a great orb of eyes for 2 turns
 75093 | Depths:4 | Learned a level 6 spell: Ozocubu's Refrigeration
 75256 | Depths:4 | Found a one-way gate to the infinite horrors of the Abyss.
 75257 | Depths:4 | Noticed Louise
 75267 | Depths:4 | Killed Louise
 75950 | Slime:1  | Entered Level 1 of the Pits of Slime
 76068 | Slime:1  | Gained mutation: Your flesh is heat resistant. (rF+) [a
                  | shining eye]
 76069 | Slime:1  | Gained mutation: Your spells are a little easier to cast,
                  | but a little less powerful. [a shining eye]
 76098 | Slime:1  | Reached XP level 24. HP: 216/216 MP: 18/48
 76526 | Orc:2    | Bought a scroll of identify for 30 gold pieces
 76526 | Orc:2    | Bought a scroll of teleportation for 45 gold pieces
 76526 | Orc:2    | Bought a scroll of immolation for 52 gold pieces
 76526 | Orc:2    | Bought a scroll of immolation for 52 gold pieces
 76526 | Orc:2    | Bought a scroll of amnesia for 52 gold pieces
 76528 | Orc:2    | Bought a distressingly furry scale mail for 270 gold pieces
 76528 | Orc:2    | Bought a glowing kite shield for 225 gold pieces
 76528 | Orc:2    | Bought a faintly humming scale mail for 270 gold pieces
 76529 | Orc:2    | Identified the +4 scale mail of Yrphat {Int+3 SInv} (You
                  | bought it in a shop on level 2 of the Orcish Mines)
 76530 | Orc:2    | Identified the cursed +0 scale mail of Summertime {rC+ rN+}
                  | (You bought it in a shop on level 2 of the Orcish Mines)
 77527 | Slime:5  | Entered Level 5 of the Pits of Slime
 77569 | Slime:4  | Gained mutation: Your spells are easier to cast, but less
                  | powerful. [a shining eye]
 77590 | Slime:4  | Gained mutation: You do not regenerate when monsters are
                  | visible. [a shining eye]
 77592 | Slime:4  | Gained mutation: You have supernaturally acute eyesight.
                  | (SInv) [a shining eye]
 78226 | Slime:5  | Paralysed by a great orb of eyes for 5 turns
 79193 | Slime:5  | Noticed the Royal Jelly
 79524 | Slime:5  | Found a viscous altar of Jiyva.
 80180 | Slime:5  | Killed the Royal Jelly
 80511 | Slime:5  | Got a slimy rune of Zot
 80558 | Slime:5  | Identified the +2 pair of gloves "Ihoy" {rF+ rN+ Int+4}
                  | (You found it on level 5 of the Pits of Slime)
 81167 | Zot:1    | Entered Level 1 of the Realm of Zot
 81791 | Zot:1    | You fall into a shaft and drop 1 floor!
 82088 | Zot:1    | Noticed an orb of fire
 82100 | Zot:1    | Killed an orb of fire
 83190 | Zot:2    | Reached XP level 25. HP: 188/226 MP: 47/49
 84146 | Zot:3    | Noticed an orb of fire
 86095 | Zot:4    | Identified the +4 dragonskin cloak
 86095 | Zot:4    | Noticed Tiamat
 86407 | Zot:4    | HP: 4/227 [red draconian knight/shard of ice (36)]
 86794 | Zot:4    | Reached skill level 21 in Ice Magic
 87273 | Zot:4    | Killed Tiamat
 87503 | Zot:5    | Entered Level 5 of the Realm of Zot
 87798 | Zot:3    | HP: 5/228 [death cob (17)]
 87801 | Zot:3    | Slain by a death cob

Illustrated notes

Levels and vault maps discovered:
D:1:      dpeg_arrival_lava_temple_mockup, layout_loops_corners
D:2:      layout_basic, lemuel_crystal_altar, minmay_misc_feat_roman
D:3:      layout_loops_corners, minmay_pentomino_pile, uniq_sigmund
D:4:      layout_layer_cave, minmay_temple_entry_sparse_star
D:5:      layout_basic, nicolae_overflow_crystal_walls,
          grunt_temple_overflow_open, first_ration, nicolae_elemental_shop
D:6:      layout_loops_ring, eat_drink_and_be_merry_uskayaw,
          kennysheep_mini_moat, portal_sewer_entry_f, uniq_menkaure, uniq_pikel
D:7:      layout_loops_ring, kennysheep_mini, doesnt_xom_only_xom,
          uniq_crazy_yiuf_cottage
D:8:      layout_basic, grunt_ogre_cave
D:9:      layout_cave_pools, erik_orc_2
D:10:     layout_basic, ebering_ghost_reflecting_pool
D:11:     layout_cave_pools, lair_entry_dummy
D:12:     minmay_heptahexagon, layout_loops_ring, uniq_frances
D:13:     layout_loops_corners, serial_shops, nicolae_shop_statue_plus,
          eino_house_with_fridge, uniq_urug, uniq_sonja, uniq_nessos
D:14:     layout_stronghold, lightli_vaults_fourway_checkpoint, serial_shops,
          shop, corexii_hall_statues_l
D:15:     gammafunk_enter_depths_forms, layout_basic,
          nicolae_trove_entry_free_sample, fedhas_altar_fruit_tree,
          lightli_church_of_beogh
Lair:1:   layout_gridlike, serial_bayou_shore_a, serial_bayou_shore_b,
          uniq_erica, uniq_nergalle
Lair:2:   layout_regular_city, minmay_shattered_shrine
Lair:3:   layout_roguey, portal_ice_cave_entry_ice_beasts, grunt_megastairs_3
Lair:4:   layout_regular_city, swamp_mist, guppyfry_snake_entry_island,
          minivault_25, beast_lair_carwin_10
Lair:5:   layout_regular_city
Lair:6:   cheibrodos_lair_end_hotspot, layout_regular_city, slime_altar_1,
          infiniplex_staircase_pool, uniq_kirke
Swamp:1:  layout_basic_swamp, nicolae_swamp_trees_clearing, swamp_pool2
Swamp:2:  layout_falls_marsh, hangedman_swamp_ruin_hall
Swamp:3:  layout_basic_swamp, evilmike_swamp_ruin_house_3, uniq_mara
Swamp:4:  swamp_vile, layout_basic_swamp, swamp_pool1
Snake:1:  layout_rooms, serial_shops, shop, serial_bayou_ford_a, st_stairs_10,
          nrook_guardian_serpent_ordinary, uniq_aizul
Snake:2:  layout_chambers, serial_shops, shop, uniq_vashnia
Snake:3:  layout_cave_town, serial_shops, shop_coins, nicolae_shop_behind_doors,
          nicolae_shop_waterfront, shop_fountains, shop, drop_trap, st_stairs_5
Snake:4:  minmay_snake_end_coiled, layout_cave_town
Slime:1:  layout_caves, cheibrodos_slime_lost_civilization_4
Slime:2:  layout_caves, nicolae_slime_round_cave
Slime:3:  layout_caves
Slime:4:  layout_caves, cheibrodos_slime_lost_civilization_5
Slime:5
Orc:1:    layout_caves, basic_altar, nicolae_orc_tapped_out, uniq_gastronok
Orc:2:    st_orc_ogre_mass, layout_diamond_mine, gauntlet_entry_generic,
          uniq_saint_roka, uniq_donald, uniq_josephine
Elf:1:    eino_elf_arrival_shootout, layout_onion_city, minmay_elf_sorcery,
          drop_trap, grunt_ministairs_9
Elf:2:    layout_geoelf_octagon, uniq_jorgrun
Elf:3:    minmay_elf_hall_hex, layout_geoelf_castle, basic_altar
Vaults:1: gammafunk_vaults_ghost_tricky_traps, serial_ice_h,
          ontoclasm_vaults_loading_screen, vaults_mumra_lcd,
          vaults_room_door_ring, vaults_room_stairs_pillars,
          ontoclasm_vaults_shuriken, nicolae_vaults_specimen_jars,
          nicolae_vaults_triangles, grunt_vaults_hallway_short,
          layout_vaults_quadrants
Vaults:2: vaults_standard_mumra_lines, nicolae_vaults_little_squares_2,
          nicolae_vaults_ninety_degrees, blue_anna_dwarven_crypt,
          st_greater_box_1, vaults_mumra_minichess, v_misc_13, v_rooms_5,
          layout_vaults_omnicross
Vaults:3: gammafunk_vaults_ghost_crypt, ontoclasm_vaults_chip,
          hangedman_vaults_river_flow, hangedman_vaults_unwind,
          ontoclasm_vaults_tryst, ontoclasm_vaults_ring_large,
          vaults_room_hangedman_quadrants, nicolae_vaults_little_squares_5,
          nicolae_vaults_network_s, layout_vaults_omnibox, uniq_jory
Vaults:4: vaults_room_pools, vaults_room_stairs_pillars, v_misc_1,
          vaults_room_stairs_pillars, serial_ice_g, st_lattice,
          grunt_vaults_hallway_long, v_pattern_2, v_misc_22, v_alt_pattern_2,
          layout_vaults_big_room, serial_shops, bzr_in_the_mist
Depths:1: layout_gridville, hell_entry, hangedman_decor_opposing, minivault_22,
          minmay_stone_trees_medium, drop_trap, grunt_decor_mini_mirrors,
          lightli_giant_bouncers
Depths:2: hangedman_slaughterboxes, hell_entry
Depths:3: minmay_the_grid_octo_tiled_squarecenter
          [minmay_the_grid_octo_clover_2, minmay_the_grid_octo_horde,
          minmay_the_grid_octo_focus, minmay_the_grid_octo_empty,
          minmay_the_grid_square_5x5_megaprize_checkered,
          minmay_the_grid_square_5x5_n_small,
          minmay_the_grid_square_5x5_minivault,
          minmay_the_grid_square_5x5_beaten_path,
          minmay_the_grid_square_5x5_two_walls_a], layout_honeycomb,
          grunt_pan_entry_in_and_out, minmay_large_rounded_square, serial_shops,
          freezing_bzr, hangedman_geh_valley, water_maze_lemuel, uniq_sojobo
Depths:4: kb_forest_paths, layout_basic, chequers_serial_rivers_micro_a,
          nicolae_abyss_entry_one_way_or_another, hell_entry, pan_entry,
          infiniplex_staircase_trident
Depths:5: grunt_zot_entry_alcove, layout_cave_shapes, enter_ziggurat_d,
          pf_hell_entry_tar_river, serial_shops, shop_statue
Zot:1:    layout_twisted_circle, skrybe_zot_glass_2
Zot:2:    layout_gridlike, grunt_megastairs_2
Zot:3:    grunt_twist_and_shout, layout_onion, evilmike_ambush
          [evilmike_ambush_outer_basic, evilmike_ambush_inner_pond]
Zot:4:    layout_onion_interference, uniq_tiamat
Zot:5:    layout_basic

Skill      XL: |  1  2  3  4  5  6  7  8  9 10 11 12 13 14 15 16 17 18 19 20 21 22 23 24 25 |
---------------+----------------------------------------------------------------------------+-----
Polearms       | 2 3 4 5 7 8 9 10 11 12 13 | 13.9
Fighting       | 2 3 4 6 7 8 9 10 11 13 14 15 16 18 19 | 19.2
Dodging        | 2 3 4 5 6 7 8 10 11 12 | 12.4
Armour         | 1 2 3 4 5 6 7 8 9 10 11 12 | 12.5
Spellcasting   | 3 4 6 7 8 9 10 11 13 14 15 16 | 16.3
Translocations | 3 5 6 7 |  7.0
Evocations     | 2 3 4 6 |  6.0
Throwing       | 1 3 5 6 |  6.0
Summonings     | 2 3 4 6 8 |  8.0
Axes           | 3 6 8 11 12 | 12.6
Air Magic      | 2 4 6 8 |  8.0
Stealth        | 2 |  2.0
Ice Magic      | 1 7 10 11 12 15 16 17 18 20 21 | 21.0
Shields        | 4 |  4.0
Conjurations   | 3 5 6 |  6.0
Charms         | 3 4 |  4.0
Hexes          | 2 4 7 |  7.3

Action                   |  1- 3 |  4- 6 |  7- 9 | 10-12 | 13-15 | 16-18 | 19-21 | 22-24 | 25-27 || total
-------------------------+-------+-------+-------+-------+-------+-------+-------+-------+-------++-------
Melee: Spear             |   211 |   316 |   339 |       |       |       |       |       |       ||   866
       Unarmed           |       |    14 |     2 |    19 |       |       |       |       |       ||    35
       Dagger            |       |       |   332 |   547 |       |       |       |       |       ||   879
       Quarterstaff      |       |       |    54 |    99 |       |       |       |       |       ||   153
       War axe           |       |       |       |   471 |  1224 |       |       |       |       ||  1695
       Broad axe         |       |       |       |     1 |    20 |       |       |       |       ||    21
       Scythe            |       |       |       |       |    16 |       |       |       |       ||    16
       Trident           |       |       |       |       |    41 |  2004 |  1876 |  1564 |   454 ||  5939
Throw: Boomerang         |       |     4 |    44 |   161 |   111 |     3 |     6 |       |       ||   329
       Throwing net      |       |       |       |     1 |     1 |       |     1 |       |       ||     3
 Cast: Summon Lightning  |       |       |       |    23 |   150 |    28 |     7 |       |     2 ||   210
       Passage of Golubr |       |       |       |     3 |     1 |     9 |    17 |     8 |       ||    38
       Blink             |       |       |       |     1 |     2 |     5 |     1 |       |     8 ||    17
       Summon Ice Beast  |       |       |       |       |   222 |   179 |    56 |     5 |     3 ||   465
       Frozen Ramparts   |       |       |       |       |    44 |    92 |    63 |    28 |     8 ||   235
       Hailstorm         |       |       |       |       |     9 |     8 |       |       |       ||    17
       Shroud of Golubri |       |       |       |       |       |     1 |       |     3 |     1 ||     5
       Freezing Cloud    |       |       |       |       |       |     2 |    17 |    37 |    20 ||    76
       Spectral Weapon   |       |       |       |       |       |       |    84 |   143 |    47 ||   274
       Summon Mana Viper |       |       |       |       |       |       |     6 |    94 |    47 ||   147
       Ozocubu's Refrige |       |       |       |       |       |       |       |     2 |     1 ||     3
Evoke: Wand              |       |       |     5 |    29 |    36 |    15 |     9 |     3 |     6 ||   103
       Box of beasts     |       |       |     2 |     2 |       |       |     2 |       |     8 ||    14
       Phantom mirror    |       |       |       |       |     1 |       |       |       |       ||     1
       Tin of tremorston |       |       |       |       |       |       |       |     2 |     4 ||     6
  Use: Scroll            |     3 |    10 |     8 |    14 |    24 |    18 |    19 |    13 |    18 ||   127
       Potion            |       |     5 |     3 |    14 |    16 |     5 |     2 |     8 |    32 ||    85
 Stab: Paralysed         |       |       |    30 |    20 |     3 |       |       |     4 |       ||    57
       Sleeping          |       |       |     1 |       |       |       |     4 |     4 |       ||     9
       Petrified         |       |       |       |    10 |       |       |       |       |       ||    10
       Held in net/web   |       |       |       |     2 |       |       |     1 |       |       ||     3
       Distracted        |       |       |       |     4 |    33 |    18 |    22 |    33 |    16 ||   126
       Confused          |       |       |       |       |    18 |       |       |       |       ||    18
       Invisible         |       |       |       |       |     6 |       |       |       |       ||     6
       Petrifying        |       |       |       |       |       |       |     1 |       |       ||     1
  Eat: Chunk             |     5 |     7 |    17 |    36 |    39 |    28 |    22 |     1 |       ||   155
       Ration            |       |     1 |     2 |     4 |    19 |    10 |     7 |    16 |     3 ||    62
Armor: Ring mail         |    78 |    72 |    25 |       |       |       |       |       |       ||   175
       Skin              |       |    31 |     1 |   112 |       |       |       |       |       ||   144
       Leather armour    |       |       |   101 |    91 |    58 |       |       |       |       ||   250
       Plate armour      |       |       |       |     4 |       |       |       |       |       ||     4
       Chain mail        |       |       |       |   301 |       |       |       |       |       ||   301
       Fire dragon scale |       |       |       |       |   483 |   639 |   403 |   460 |   167 ||  2152
       Steam dragon scal |       |       |       |       |     2 |       |       |       |       ||     2
Dodge: Dodged            |   130 |   150 |   427 |   769 |   974 |   776 |   653 |   553 |   242 ||  4674
Block: Buckler           |       |       |       |       |   146 |   356 |   291 |   365 |   103 ||  1261
